Unix NetHack Version 5.0.0-0 post-release - last build May 10 2026 23:12:36 (d1fa5d53e341ca933230fdaa984d921c805b60aa,branch:main).

Game began 2026-05-13 00:26:57, ended 2026-05-13 00:43:52.

Kwijibo4686, neutral female human Valkyrie

                                         --                              ----
                                      ---.--      -----   -------------- |..|
                              ---------....|    ---.|.-----.--..--..--.---..---
                   ----       |..|.--......|    |.......--....................|
                   |..---------.......------    |........................|....|
                   |...)*.*.)........-|----     --.....................----..--
             ----  --..----...........--..--------...................>--  --.--
             |..--  |)--  |-%.................@Z...^........`.........|    |..|
             |...|  |.|   |..........----.....-....................----   --.--
            --...----.|   --..........----.....|.....---.---...-...|     --..--
       ---- |..*))..(.|    |............--....---....----- --`*.*..| ----|..[.|
       |..|--<|.....---    --...---.......-..-|--.....|--    ......---..--...--
   ------.|..[|-.--.|       --..---........-.)--......|.--- ---.---..........--
   |..|.....--##.||.|       --...|........................------- --..........|
   |....-----  |.||.|       |......---.......................--    |.........--
   ------      |. -.|       --.----- |........................-----|-......---
               |.| .|        ---     --.....--*...................--......--
               |.  --                 ---..----..---.(.................|...|
               --                       ----  ---- --.---.|.--.--....----.--
                                                    --- ----------.---  ---
                                                                 ---
Kwijibo4686 the Skirmisher  St:17 Dx:15 Co:18 In:8 Wi:8 Ch:9  Neutral
Dlvl:6  $:278 HP:0(56) Pw:12(12) AC:1  Xp:5 T:2107 

Latest messages:
 The wererat changes into a rat.
 You miss the wererat.
 The wererat summons help!
 A giant rat suddenly appears next to you!
 A giant rat suddenly appears close by!
 A sewer rat suddenly appears close by!
 The wererat bites!
 You kill the wererat!
 The giant rat bites!
 You kill the giant rat!
 The giant rat bites!
 You miss the sewer rat.
 The sewer rat bites!
 The giant rat bites!
 You kill the sewer rat!
 The giant rat bites!
 You hit the giant rat.
 The giant rat misses!
 You kill the giant rat!
 There are several objects here.
 You see here a green gem.
 You kill the sewer rat!
 You see here a dart.
 You see here a green gem.
 There are several objects here.
 Really step onto that arrow trap? [yn] (n) n
 Really step onto that arrow trap? [yn] (n) n
 You hit the gray ooze!
 You hit the gray ooze.
 The gray ooze bites!
 Your pair of iron shoes rusts!
 You kill the gray ooze!
 You see here a small glob of gray ooze.
 There is a small glob of gray ooze here; eat it? [ynq] (n) y
 You have a very bad case of stomach acid.
 You finish eating the small glob of gray ooze.
 The ghoul hits!
 The ghoul misses!
 You hit the ghoul!
 The ghoul hits!
 You avoid harm.
 The ghoul hits again!
 You hit the ghoul.
 The ghoul hits!
 You are frozen by the ghoul!
 The ghoul hits again!
 The ghoul hits!
 The ghoul hits again!
 You die...
 Do you want your possessions identified? [ynq] (y) q

Inventory:
 Coins    ('$')
  $ - 278 gold pieces
 Weapons  (')')
  I - a +0 arrow
  J - a poisoned +0 dart
  b - a +0 dagger (alternate weapon; not wielded)
  a - a +1 spear (weapon in right hand)
 Armor    ('[')
  z - an uncursed rusty +0 pair of iron shoes (being worn)
  c - an uncursed +3 small shield (being worn)
  u - an uncursed +0 scale mail (being worn)
 Comestibles  ('%')
  K - an uncursed slime mold
  x - a cursed carrot
  d - an uncursed food ration
 Scrolls  ('?')
  E - an uncursed scroll of destroy armor
  f - an uncursed scroll of identify
  B - an uncursed scroll of remove curse
  i - an uncursed scroll of scare monster
 Potions  ('!')
  l - an uncursed potion of hallucination
  m - 3 uncursed potions of healing
  y - an uncursed potion of object detection
  s - an uncursed potion of speed
 Rings    ('=')
  w - a cursed ring of hunger
 Wands    ('/')
  C - a wand of light (0:13)
 Tools    ('(')
  h - a cursed lock pick
  F - a +0 pick-axe
  H - an uncursed skeleton key
  A - a tinning kit (0:52)
  G - an uncursed towel
 Gems/Stones  ('*')
  D - an uncursed flint stone

Kwijibo4686 the Valkyrie's attributes:

Background:
 You were a Skirmisher, a level 5 human Valkyrie.
 You were neutral, nominally on a mission for Odin
 who was opposed by Tyr (lawful) and Loki (chaotic).
 You were right-handed.
 You were in the Gnomish Mines, on level 6.
 You entered the dungeon 2107 turns ago.
 It was the midnight hour.
 You had 281 experience points, 39 more were needed to attain level 6.

Basics:
 You had 0 out of 56 hit points.
 You had all 12 energy points (spell power).
 Your armor class was 1.
 Your wallet contained 278 zorkmids.
 Autopickup was on for '$?!/="' plus thrown.

Final Characteristics:
 Your strength was 17 (limit:18/100).
 Your dexterity was 15 (limit:18).
 Your constitution was 18 (limit:18).
 Your intelligence was 8 (limit:18).
 Your wisdom was 8 (limit:18).
 Your charisma was 9 (limit:18).

Final Status:
 You weren't hungry.
 You were unencumbered.
 You were wielding a spear.
 You had basic skill with spear and could have enhanced that.

Final Attributes:
 You were piously aligned.
 You were cold resistant.
 You were stealthy.
 You were warded.
 You are dead.

Miscellaneous:
 You didn't encounter any bones levels.
 Total elapsed playing time was 16 minutes and 55 seconds.

Major events:
 Turn
    1: Kwijibo4686 the neutral human Valkyrie entered the dungeon
 1149: attained the rank of Skirmisher (level 3)
 1355: entered the Gnomish Mines
 1913: reached Mine Town
 2107: killed by a ghoul, while paralyzed

You didn't know any spells.

Skills:
 Fighting Skills
   bare handed combat [Unskilled]
   two weapon combat  [Unskilled]
   riding             [Unskilled]
 Weapon Skills
   dagger             [Basic]
   axe                [Unskilled]
   pick-axe           [Unskilled]
   short sword        [Unskilled]
   broadsword         [Unskilled]
   long sword         [Unskilled]
   two-handed sword   [Unskilled]
   saber              [Unskilled]
   hammer             [Unskilled]
   quarterstaff       [Unskilled]
   polearms           [Unskilled]
   spear              [Basic]
   trident            [Unskilled]
   lance              [Unskilled]
   sling              [Unskilled]
 Spellcasting Skills
   attack spells      [Unskilled]
   escape spells      [Unskilled]

Voluntary challenges:
 Character rerolling was not enabled.
 You were an atheist.
 You never genocided any monsters.
 You never polymorphed an object.
 You never changed form.
 You used no wishes.
Achievements:
 You entered a shop.
 You attained the rank of Skirmisher.
 You entered the Gnomish Mines.
 You entered Minetown.

 The Dungeons of Doom: levels 1 to 5
    Level 1:
    Level 2:
       A general store, a fountain.
    Level 3:
       A fountain, a sink.
    Level 4:
       Stairs down to The Gnomish Mines.
    Level 5:
       A fountain.
 The Gnomish Mines: levels 5 to 7
    Level 5:
    Level 6: <- You were here.
       Final resting place for
          you, killed by a ghoul, while paralyzed.
    Level 7:
       A fountain.


Vanquished creatures:
  3 gnome leaders
  a gray ooze
  a kitten
  4 dwarves
 an orc zombie
  a wererat
  a gas spore
  a large kobold
  2 giant rats
  a cave spider
 19 gnomes
  5 geckos
  4 jackals
  a fox
  2 sewer rats
  2 grid bugs
  7 lichens
  5 newts
61 creatures vanquished.

No species were genocided or became extinct.

Game over:
                       ----------
                      /          \
                     /    REST    \
                    /      IN      \
                   /     PEACE      \
                  /                  \
                  |   Kwijibo4686    |
                  |      278 Au      |
                  |   killed by a    |
                  |      ghoul       |
                  |                  |
                  |                  |
                  |       2026       |
                 *|     *  *  *      | *
        _________)/\\_//(\/(/\)/\//\/|_)_______

Farvel Kwijibo4686 the Valkyrie...

You died in The Gnomish Mines on dungeon level 6 with 1685 points,
and 278 pieces of gold, after 2107 moves.
You were level 5 with a maximum of 56 hit points when you died.

